 Dungeon Crawl Stone Soup version 0.21-a0-361-g4efd3f9 (webtiles) character file.

46 Dfrag the Firebug (level 3, -1/24 HPs)
             Began as a Demonspawn Fire Elementalist on Oct 13, 2017.
             Slain by a quokka (2 damage)
             ... on level 2 of the Dungeon.
             The game lasted 00:02:09 (883 turns).

Dfrag the Firebug (Demonspawn Fire Elementalist)     Turns: 883, Time: 00:02:10

Health: -1/24      AC:  2    Str:  8    XL:     3   Next: 44%
Magic:  0/6        EV: 12    Int: 17    God:
Gold:   37         SH:  0    Dex: 13    Spells: 6/7 levels left

rFire    . . .     SeeInvis .   (no weapon)
rCold    . . .     Gourm    .   (no shield)
rNeg     . . .     Faith    .   a - +0 robe
rPois    .         Spirit   .   (helmet restricted)
rElec    .         Reflect  .   (no cloak)
rCorr    .         Harm     .   (no gloves)
MR       .....                  (no boots)
Stlth    ++........             (no amulet)
HPRegen  0.08/turn              (no ring)
MPRegen  0.10/turn              (no ring)

@: no status effects
A: antennae 1
a: no special abilities


You were on level 2 of the Dungeon.
You were not hungry.

You visited 1 branch of the dungeon, and saw 2 of its levels.

You collected 37 gold pieces.

Inventory:

Armour
 a - a +0 robe (worn)
Scrolls
 d - 2 scrolls of amnesia {unknown}
 e - a scroll of teleportation {unknown}
 i - a scroll of identify {unknown}
 j - a scroll of remove curse {unknown}
 k - a scroll of blinking {unknown}
Potions
 f - a potion of cancellation {unknown}
 g - a potion of agility {unknown}
Books
 b - a book of Flames

   Spells                             Type                      Level
   a - Flame Tongue                   Conjuration/Fire             1
   b - Throw Flame                    Conjuration/Fire             2
   c - Conjure Flame                  Conjuration/Fire             3
   d - Inner Flame                    Hexes/Fire                   3
   e - Sticky Flame                   Conjuration/Fire             4
   f - Fireball                       Conjuration/Fire             5
Comestibles
 c - 3 bread rations
 h - a meat ration
 l - 2 chunks of flesh


   Skills:
 - Level 1.7 Dodging
 - Level 1.7 Stealth
 + Level 2.6 Spellcasting
 + Level 2.0 Conjurations
 + Level 3.2 Fire Magic


You had 6 spell levels left.
You knew the following spells:

 Your Spells              Type           Power        Failure   Level  Hunger
a - Flame Tongue          Conj/Fire      ##...        6%          1    #......


Dungeon Overview and Level Annotations

Branches:
Dungeon (2/15)

Altars:


Innate Abilities, Weirdness & Mutations

You have a pair of small antennae on your head.


Message History

The flame tongue hits the giant cockroach.
You kill the giant cockroach!
The quokka barely misses you.
Casting: Flame Tongue
Confirm with . or Enter, or press ? or * to list all spells.
You don't have enough magic to cast that spell.
Unknown command.
You barely miss the quokka. The quokka bites you.
* * * LOW HITPOINT WARNING * * *
You miss the quokka.
The quokka bites you but does no damage.
You hit the quokka but do no damage. The quokka bites you.
* * * LOW HITPOINT WARNING * * *
Casting: Flame Tongue
Confirm with . or Enter, or press ? or * to list all spells.
Aiming: Flame Tongue
Press: ? - help, Shift-Dir - straight line, f - quokka
Aim: a quokka The flame tongue misses the quokka.
The quokka bites you.
You die...

#.#
#.########..#
#.##
#...........#
#..#
#..#######)##
##.# #..# #.#
#.# #†.# #.#
#.# #..# #.#
#.# #.># #.#
#>#####.###..#
#<#
#........r@..#
#.#
#######.####.#
#.# #.# .# #.#
#.# .# #.# #.#
.. #.. #.. ..
.#. ### ### .
.


You could see a quokka.

Vanquished Creatures
  An ooze (D:1)
  A dart slug (D:1)
  3 leopard geckos
  3 giant cockroaches
  2 goblins
  4 hobgoblins
  A quokka (D:2)
  5 bats
  5 frilled lizards
  3 kobolds (D:1)
  10 rats
38 creatures vanquished.

Notes
Turn   | Place    | Note
-------+----------+-------------------------------------------
     0 | D:1      | Dfrag the Demonspawn Fire Elementalist began the quest for the Orb.
     0 | D:1      | Reached XP level 1. HP: 13/13 MP: 3/3
   108 | D:1      | Gained mutation: You have a pair of small antennae on your head. [demonic ancestry]
   108 | D:1      | Reached XP level 2. HP: 4/19 MP: 0/5
   191 | D:1      | Reached skill level 3 in Fire Magic
   439 | D:1      | Reached XP level 3. HP: 14/24 MP: 2/6
   882 | D:2      | HP: 1/24 [quokka (3)]
   883 | D:2      | Slain by a quokka

Vault maps used:
D:1:      evilmike_arrival_crescent, minmay_misc_feat_hallway, st_stairs_10

Skill      XL: |  1  2  3 |
---------------+----------+-----
Fire Magic     | 3 |  3.2
Conjurations   | 2 |  2.0
Dodging        | |  1.7
Stealth        | |  1.7
Spellcasting   | |  2.6

Action                   || total
-------------------------++-------
Melee: Unarmed           ||    67
 Cast: Flame Tongue      ||    59
  Eat: Chunk             ||     1
Armor: Robe              ||    19
Dodge: Dodged            ||    69

Table legend:
 A = Spawn XP
 B = Non-spawn XP
 C = Spawn XP percentage of total XP
 D = Spawn monster count
 E = Non-spawn monster count
 F = Spawn count percentage of total count
 G = Total turns spent on level
                    A         B        C        D         E        F      G
               +---------+---------+-------+---------+---------+-------+---------
         Total |       0 |      66 |   0.0 |       0 |      38 |   0.0 |   883
               +---------+---------+-------+---------+---------+-------+---------
           D:1 |       0 |      46 |   0.0 |       0 |      26 |   0.0 |   709
           D:2 |       0 |      20 |   0.0 |       0 |      12 |   0.0 |   174
               +---------+---------+-------+---------+---------+-------+---------
